 Dungeon Crawl Stone Soup version 0.27.1-33-g824d729ab1 (webtiles) character file.

Game seed: 11981624230443817936

114 MisterFreud the Chopper (level 4, 0/39 HPs)
             Began as a Hill Orc Abyssal Knight on Dec 31, 2021.
             Was a Believer of Lugonu.
             Slain by a gnoll (2 damage)
             ... on level 3 of the Dungeon.
             The game lasted 00:02:34 (3475 turns).

MisterFreud the Chopper (Hill Orc Abyssal Knight)   Turns: 3475, Time: 00:02:34

Health: 0/39       AC:  9    Str: 15    XL:     4   Next: 98%
Magic:  5/5        EV:  6    Int: 12    God:    Lugonu [**....]
Gold:   109        SH:  0    Dex: 10    Spells: 3/3 levels left

rFire    . . .     SeeInvis .   a - +1 hand axe
rCold    . . .     Faith    +   (no shield)
rNeg     . . .     Spirit   .   o - +0 chain mail
rPois    .         Reflect  .   (no helmet)
rElec    .         Harm     .   t - +0 cloak
rCorr    .         Rampage  .   (no gloves)
Will     .....                  (no boots)
Stlth    ..........             i - amulet of faith
HPRegen  0.13/turn              (no ring)
MPRegen  0.09/turn              (no ring)

@: mighty
A: no striking features
a: Renounce Religion, Depart the Abyss, Bend Space


You were on level 3 of the Dungeon.
You worshipped Lugonu.
Lugonu was pleased with you.
You visited 1 branch of the dungeon, and saw 3 of its levels.
You visited the Abyss 1 time.

You collected 109 gold pieces.

Inventory:

Hand Weapons
 a - a +1 hand axe (weapon)
 m - a +0 war axe
Armour
 b - a +0 leather armour
 o - a +0 chain mail (worn)
 t - a +0 cloak (worn)
Jewellery
 i - an amulet of faith (around neck)
 u - a ring of resist corrosion
Scrolls
 c - 2 scrolls of brand weapon {unknown}
 d - a scroll of noise {unknown}
 e - a scroll of magic mapping {unknown}
 g - 2 scrolls of silence {unknown}
 h - a scroll of holy word {unknown}
 j - 2 scrolls of immolation {unknown}
 l - 2 scrolls of identify {unknown}
 p - a scroll of enchant armour {unknown}
 q - 2 scrolls of enchant weapon {unknown}
 s - 3 scrolls of teleportation {unknown}
Potions
 f - 2 potions of might
 k - 3 potions of magic {unknown}
 n - a potion of cancellation {unknown}
 r - a potion of lignification {unknown}
 v - a potion of brilliance {unknown}
 w - 2 potions of heal wounds {unknown}


   Skills:
 - Level 3.6 Fighting
 + Level 6.6 Axes
 - Level 2.1 Armour
 - Level 0.7 Dodging
 - Level 2.4 Invocations


You had 3 spell levels left.
You didn't know any spells.
Your spell library was empty.

Dungeon Overview and Level Annotations

Branches:
Dungeon (3/15)

Altars:


Message History

The gnoll hits you with a +0 spear. The gnoll hits you with a +0 flail!
The gnoll shouts!
You hit the gnoll but do no damage. You closely miss the gnoll.
The gnoll hits you with a +0 spear. The gnoll barely misses you.
You are too injured to fight recklessly!
You hit the gnoll.
The gnoll is lightly wounded.
Your chain mail prevents you from hitting the gnoll.
The gnoll hits you with a +0 spear. The gnoll hits you with a +0 flail.
You are too injured to fight recklessly!
You closely miss the gnoll.
The gnoll is lightly wounded.
You hit the gnoll.
You kill the gnoll!
Lugonu accepts your kill. The gnoll barely misses you.
You closely miss the gnoll.
The gnoll is lightly wounded.
You hit the gnoll.
The gnoll hits you but does no damage. x2
You hit the gnoll.
The gnoll is moderately wounded.
You completely miss the gnoll. The gnoll hits you but does no damage.
The gnoll hits you with a +0 spear.
* * * LOW HITPOINT WARNING * * *
You hit the gnoll.
The gnoll is heavily wounded.
You hit the gnoll but do no damage. The gnoll hits you but does no damage.
The gnoll hits you with a +0 spear.
* * * LOW HITPOINT WARNING * * *
You barely miss the gnoll.
The gnoll is heavily wounded.
You closely miss the gnoll. The gnoll hits you with a +0 club.
* * * LOW HITPOINT WARNING * * *
The gnoll hits you with a +0 spear.
* * * LOW HITPOINT WARNING * * *
The gnoll closely misses you. The gnoll hits you but does no damage.
It was a potion of might.
You feel very mighty all of a sudden. The gnoll hits you with a +0 club.
You die...

### ....# #.......#
#.##....# ### ...+....#
#.. #.##....# #.#
#....#.# #.#
†..#.#.#########.#
..........##...[g####.#
.#.#.#.##.##.##.@.g...#
.#.#.#.##.##.##.#######
##.#......##.##.##
##.###..####.#...#
...##...# #.#...#
...##.### #.#...#
##.##.#### #...#.#
#.##....#####.#.#
#.............#.#


You could see 2 gnolls.

Vanquished Creatures
  2 gnolls
  3 adders
  2 worms
  9 endoplasms
  3 giant cockroaches
  6 goblins
  7 hobgoblins
  4 jackals (D:3)
  5 kobolds
  3 quokkas
  4 ball pythons (D:1)
  5 bats
  3 frilled lizards
56 creatures vanquished.

Notes
Turn   | Place    | Note
-------+----------+-------------------------------------------
     0 | Abyss:1  | MisterFreud the Hill Orc Abyssal Knight began the quest for
                  | the Orb.
     0 | Abyss:1  | Reached XP level 1. HP: 19/19 MP: 2/2
    29 | Abyss:1  | Noticed an ancient zyme
    31 | Abyss:1  | Noticed a small abomination
    32 | D:1      | Escaped the Abyss
    96 | D:1      | Reached skill level 3 in Axes
   205 | D:1      | Reached XP level 2. HP: 19/26 MP: 3/3
   388 | D:1      | Reached * piety under Lugonu
   389 | D:1      | Reached skill level 4 in Axes
   790 | D:1      | Reached XP level 3. HP: 6/31 MP: 4/4
  1214 | D:1      | Reached skill level 5 in Axes
  1777 | D:2      | Reached XP level 4. HP: 39/39 MP: 5/5
  2641 | D:2      | Reached skill level 6 in Axes
  3138 | D:3      | Reached ** piety under Lugonu
  3473 | D:3      | HP: 1/39 [gnoll (4)]
  3475 | D:3      | Slain by a gnoll

Illustrated notes

Levels and vault maps discovered:
D:1:      dpeg_arrival_oval, layout_loops_ring, serial_rivers,
          chequers_serial_rivers_small_b, chequers_serial_rivers_small_b,
          chequers_serial_rivers_large_a, chequers_serial_rivers_micro_e,
          chequers_serial_rivers_room_a, dk_noncrumbling_4
D:2:      layout_loops_corners, minmay_close_crescents
D:3:      layout_basic, mainiacjoe_overflow_concentric_impassable,
          hellmonk_ecumenical_altar_prayer_group

Skill      XL: |  1  2  3  4 |
---------------+-------------+-----
Axes           | 3 4 5 6 |  6.6
Fighting       | |  3.6
Armour         | |  2.1
Dodging        | |  0.7
Invocations    | |  2.4

Action                   |  1- 3 |  4- 6 || total
-------------------------+-------+-------++-------
Melee: Hand axe          |    92 |   135 ||   227
Invok: Depart the Abyss  |     1 |       ||     1
  Use: Potion            |       |     1 ||     1
Armor: Leather armour    |    20 |     9 ||    29
       Chain mail        |       |    56 ||    56
Dodge: Dodged            |    41 |    49 ||    90
